 Dungeon Crawl Stone Soup version 0.24-a0-164-g56e1b8f (webtiles) character file.

Game seed: 17853750945974974726

16644 emperorscorpion the Slicer (level 12, -56/97 HPs)
             Began as a Vine Stalker Berserker on Mar 6, 2019.
             Was a High Priest of Trog.
             Annihilated by an enormous slime creature (73 damage)
             ... on level 15 of the Dungeon.
             The game lasted 00:17:13 (4582 turns).

emperorscorpion the Slicer (Vine Stalker Berserker) Turns: 4582, Time: 00:17:14

Health: -56/97     AC: 26    Str: 23    XL:     12   Next: 39%
Magic:  0/14       EV:  2    Int: 12    God:    Trog [*****.]
Gold:   360        SH:  0    Dex: 21    Spells: 11/11 levels left

rFire    . . .     SeeInvis .   a - +3 dagger (chaos)
rCold    . . .     Gourm    .   (no shield)
rNeg     + + +     Faith    .   (armour currently unavailable)
rPois    +         Spirit   +   (helmet currently unavailable)
rElec    .         Reflect  .   (cloak currently unavailable)
rCorr    .         Harm     .   (gloves currently unavailable)
MR       +....     NoTele   +   (boots currently unavailable)
Stlth    ++++......             (no amulet)
HPRegen  1.06/turn              (no ring)
MPRegen  0.14/turn              h - +3 ring of slaying

@: brilliant, agile, tree-form, berserk cooldown, studying Axes
A: regeneration 2, magic shield, no potion heal 3, rot immunity
a: Berserk, Trog's Hand, Brothers in Arms, Renounce Religion


You were on level 15 of the Dungeon.
You worshipped Trog.
Trog was extremely pleased with you.
You were very hungry.
You were a tree.
You visited 1 branch of the dungeon, and saw 15 of its levels.

You collected 570 gold pieces.
You spent 210 gold pieces at shops.

Inventory:

Hand Weapons
 a - a +3 dagger of chaos (weapon)
 m - a +0 short sword
 u - a +0 blowgun
 z - a +2 double sword of draining
 E - a +1 vampiric long sword
Missiles
 f - 9 poisoned needles
 i - 5 tomahawks of returning
 k - 2 throwing nets
 o - 3 curare-tipped needles
 A - 6 javelins (quivered)
Armour
 b - a +0 animal skin
 d - a +1 chain mail (melded)
 l - a +0 pair of gloves (melded)
Jewellery
 h - a +3 ring of slaying (right branch)
 n - an uncursed ring of teleportation
Wands
 j - a wand of flame (3)
 x - a wand of digging (5)
Scrolls
 p - 2 scrolls of teleportation
 t - 6 scrolls of identify
 v - 2 scrolls of enchant armour
 y - a scroll of enchant weapon
 D - 2 scrolls of remove curse
 F - 2 scrolls of fear
Potions
 e - 6 potions of curing
 q - a potion of agility
Books
 s - a manual of Axes
Comestibles
 c - 11 rations
 g - a chunk of flesh


   Skills:
 + Level 8.6 Fighting
 + Level 10.7 Short Blades
 + Level 1.1 Throwing
 + Level 10.0 Armour
 + Level 4.9 Dodging
 + Level 5.7 Stealth
 + Level 1.7 Evocations


You had 11 spell levels left.
You didn't know any spells.
Your spell library contained the following spells:

 Spells                   Type           Power        Failure   Level  Hunger
 Bolt of Magma            Conj/Fire/Erth #.........   61%         5    ######.
 Iskenderun's Battlesphe  Conj/Chrm      #.......     61%         5    ######.
 Venom Bolt               Conj/Pois      #.........   61%         5    ######.
 Iron Shot                Conj/Erth      #.........   97%         6    #######
 Orb of Destruction       Conj           #.........   100%        7    #######
 Spellforged Servitor     Conj/Summ      #.........   100%        7    #######


Dungeon Overview and Level Annotations

Branches:
Dungeon (15/15)            Temple (0/1) D:6            Lair (0/6) D:11
    Orc (0/2) D:12
 Vaults: D:13-14     Depths: D:15

Altars:
Ashenzari
Makhleb
Vehumet
Jiyva

Shops:
D:5 :   D:12 (*


Innate Abilities, Weirdness & Mutations

((You have razor-sharp teeth.))
You heal very quickly.
When hurt, damage is shared between your health and your magic reserves.
((Your bite disrupts and absorbs the magic of your enemies.))
Potions cannot restore your health.
You are immune to rotting.


Message History

The large slime creature hits you!
* * * LOW HITPOINT WARNING * * *
Two slime creatures merge to form an enormous slime creature.
Evoke which item? (* to show all) (? for menu, Esc to quit)
Okay, then.
You hit the enormous slime creature. You burn the enormous slime creature.
The enormous slime creature is heavily wounded.
You puncture the enormous slime creature!
The enormous slime creature is severely wounded.
You hit the enormous slime creature. You drain the enormous slime creature.
The enormous slime creature is severely wounded.
You hit the enormous slime creature. You burn the enormous slime creature.
The enormous slime creature is severely wounded.
The enormous slime creature barely misses you.
You hit the enormous slime creature. You burn the enormous slime creature.
The enormous slime creature is severely wounded.
The enormous slime creature looks more healthy.
The enormous slime creature hits you!!!!
Ouch! That really hurt!
You die...

..... . .... .
..###.# #...#.#
#.###.###.#
####..........
#....(N.......
#....#J#.###.#
#....#♣# #
########....###. #
#......+.........
####.#####.......###
....................
####.###.#######+###
...#.##..#
#÷.#.##..#
<#.#.....#


You could see an enormous slime creature (berserk) and a naga.

Vanquished Creatures
  Agnes (D:15)
  Harold (D:7)
  A centaur warrior (D:15)
  A two-headed ogre (D:15)
  Urug (D:11)
  Sonja (D:10)
  A wizard (D:14)
  An unseen horror (D:14)
  A deep elf mage (D:12)
  A manticore (D:15)
  A faun (D:13)
  Psyche (D:8)
  A water nymph (D:14)
  A komodo dragon (D:14)
  2 trolls
  6 slime creatures
  A wraith (D:12)
  2 vampires (D:12)
  2 yaks (D:10)
  A shadow (D:15)
  A wyvern (D:15)
  2 hungry ghosts
  4 vampire mosquitoes
  Grum (D:10)
  A soldier ant (D:12)
  2 water moccasins
  3 sky beasts
  A black bear (D:11)
  10 orc warriors
  A phantom (D:10)
  2 ogres
  4 wolves (D:10)
  3 centaurs
  4 bullfrogs
  13 killer bees
  4 crimson imps
  A bullfrog skeleton (D:7)
  5 jellies
  5 orc priests
  A gnoll shaman (D:11)
  6 hounds
  4 centaur skeletons
  8 orc wizards
  An iguana (D:11)
  7 worker ants
  A killer bee zombie (D:10)
  A hound zombie (D:11)
  A hound skeleton (D:6)
  A howler monkey zombie (D:7)
  A worker ant zombie (D:8)
  6 adders
  2 gnolls
  A shadow imp (D:4)
  An ooze (D:7)
  A worm (D:4)
  3 leopard geckos
  31 orcs
  2 bats
  A giant cockroach (D:3)
  A goblin (D:1)
  2 hobgoblins
  2 jackals (D:11)
  4 quokkas
  A frilled lizard (D:2)
  A jackal zombie (D:6)
  A leopard gecko skeleton (D:6)
  2 rats
189 creatures vanquished.

Vanquished Creatures (others)
  A yak (D:10)
  A jelly (D:12)
2 creatures vanquished.

Grand Total: 191 creatures vanquished

Notes
Turn   | Place    | Note
-------+----------+-------------------------------------------
     0 | D:1      | emperorscorpion the Vine Stalker Berserker began the quest
                  | for the Orb.
     0 | D:1      | Reached XP level 1. HP: 11/11 MP: 2/2
   188 | D:3      | Reached XP level 2. HP: 16/16 MP: 3/3
   360 | D:3      | Reached XP level 3. HP: 8/20 MP: 2/4
   553 | D:3      | Noticed a bullfrog
   563 | D:3      | Killed a bullfrog
   563 | D:3      | Gained mutation: Your natural rate of healing is unusually
                  | fast. [Vine Stalker growth]
   563 | D:3      | Reached XP level 4. HP: 24/24 MP: 3/5
   685 | D:5      | Entered Level 5 of the Dungeon
   686 | D:5      | Found Lidd's Book Emporium.
   744 | D:5      | Noticed a bullfrog
   753 | D:5      | Killed a bullfrog
   753 | D:5      | Reached XP level 5. HP: 29/29 MP: 6/6
   776 | D:5      | You fall through a shaft for 3 floors!
   781 | D:8      | Noticed Psyche
   802 | D:8      | Killed Psyche
   802 | D:8      | Reached ** piety under Trog
   802 | D:8      | Reached skill level 5 in Short Blades
   802 | D:8      | Reached XP level 6. HP: 34/34 MP: 7/7
   802 | D:8      | Reached XP level 7. HP: 38/38 MP: 8/8
   965 | D:7      | Noticed Harold
   982 | D:7      | Killed Harold
   982 | D:7      | Reached skill level 5 in Fighting
   982 | D:7      | Reached skill level 1 in Stealth
   982 | D:7      | Gained mutation: You have razor-sharp teeth. [Vine Stalker
                  | growth]
   982 | D:7      | Reached XP level 8. HP: 29/44 MP: 9/9
  1053 | D:6      | Found a staircase to the Ecumenical Temple.
  1255 | D:5      | Reached XP level 9. HP: 48/48 MP: 10/10
  1664 | D:9      | Reached skill level 5 in Armour
  1699 | D:10     | Entered Level 10 of the Dungeon
  1726 | D:10     | Reached *** piety under Trog
  1839 | D:10     | Noticed Sonja
  1885 | D:10     | Noticed Grum
  1905 | D:10     | Killed Grum
  1957 | D:10     | Killed Sonja
  1957 | D:10     | Reached XP level 10. HP: 53/53 MP: 6/11
  2017 | D:10     | Reached skill level 1 in Evocations
  2276 | D:9      | Found a burning altar of Makhleb.
  2276 | D:9      | Found a radiant altar of Vehumet.
  2568 | D:11     | Found a staircase to the Lair.
  2812 | D:11     | Noticed Urug
  2827 | D:11     | Killed Urug
  3139 | D:12     | Found Suiriwu's Weapon Boutique.
  3161 | D:12     | Reached **** piety under Trog
  3167 | D:12     | Noticed a deep elf mage
  3173 | D:12     | Reached XP level 11. HP: 58/58 MP: 13/13
  3175 | D:12     | Found a staircase to the Orcish Mines.
  3749 | D:12     | Killed a deep elf mage
  3841 | D:12     | Found Tiwacepp's Blood Bar.
  3858 | D:12     | Bought a +1 vampiric long sword for 210 gold pieces
  3913 | D:12     | Reached skill level 1 in Throwing
  4000 | D:13     | Noticed Nessos
  4001 | D:13     | Noticed Nessos
  4001 | D:13     | Nessos changed into Nessos the faun
  4007 | D:13     | Killed Nessos the faun
  4088 | D:14     | Found a viscous altar of Jiyva.
  4100 | D:14     | Killed an unseen horror
  4100 | D:14     | Reached skill level 10 in Short Blades
  4106 | D:14     | Reached ***** piety under Trog
  4135 | D:14     | Noticed a wizard
  4177 | D:14     | Killed a wizard
  4391 | D:15     | Entered Level 15 of the Dungeon
  4403 | D:15     | Gained mutation: You heal very quickly. [Vine Stalker
                  | growth]
  4403 | D:15     | Reached XP level 12. HP: 65/65 MP: 12/14
  4403 | D:15     | Noticed a two-headed ogre
  4408 | D:15     | Killed a two-headed ogre
  4432 | D:15     | Found a shattered altar of Ashenzari.
  4448 | D:15     | Noticed Agnes
  4464 | D:15     | Killed Agnes
  4464 | D:15     | Reached skill level 5 in Stealth
  4541 | D:15     | Noticed a centaur warrior
  4565 | D:15     | Killed a centaur warrior
  4565 | D:15     | Reached skill level 10 in Armour
  4582 | D:15     | Annihilated by an enormous slime creature

Levels and vault maps discovered:
D:1:      scummos_arrival_simple_fountains, layout_rooms,
          corexii_leaking_fountain, serial_bayou_pond_a
D:2:      layout_basic, nicolae_overflow_hidden_temple,
          nicolae_overflow_crystal_walls
D:3:      layout_basic, fedhas_altar_3, minmay_misc_feat_tiny,
          minmay_increasing_density
D:4:      layout_loops_ring, first_ration, uniq_edmund
D:5:      layout_cave_pods, serial_shops, shop, minmay_manual_mail
D:6:      layout_rooms, minmay_temple_entry_hall
D:7:      layout_cave_pools, minmay_misc_feat_cross, uniq_harold
D:8:      layout_basic, nicolae_dithmenos_shadow_blocks, special_room
          [special_room_kobold], the_bakery, minmay_misc_feat_more_columns,
          nrook_loot_triangle, nicolae_qazlal_general_emergency, uniq_psyche
D:9:      minmay_weird_star, layout_irregular_city,
          grunt_temple_overflow_lords_of_destruction, serial_shops,
          nicolae_shop_competitors_out_of_business, uniq_pikel
D:10:     layout_roguey, uniq_grum, uniq_sonja
D:11:     layout_grid_maze, lair_entry_dummy, uniq_urug
D:12:     layout_layer_cave, orc_david_3, guppyfry_shop_blood
D:13:     layout_small_grid, maelrawn_ghost_gauntlet_escape, chequers_garden,
          feat_on_display, uniq_nessos
D:14:     argonaut_augean_stables, layout_loops_corners,
          lightli_vaults_fourway_checkpoint, serial_shops, statue_bzr,
          hangedman_decor_points, jiyva_altar_1
D:15:     grunt_enter_depths_snipers, layout_basic, lemuel_crystal_altar,
          minmay_misc_feat_nine_boxes, minmay_door_square,
          roderic_roman_lattice, minmay_fractal_squares_gapless_7,
          uniq_josephine, uniq_rupert, uniq_louise, uniq_azrael, uniq_agnes

Skill      XL: |  1  2  3  4  5  6  7  8  9 10 11 12 |
---------------+-------------------------------------+-----
Fighting       | 3 4 5 6 7 8 |  8.6
Short Blades   | 3 4 5 6 7 8 9 10 | 10.7
Armour         | 2 3 4 6 8 9 10 | 10.0
Dodging        | 2 3 4 |  4.9
Stealth        | 1 2 4 5 |  5.7
Evocations     | 1 |  1.7
Throwing       | 1 |  1.1

Action                   |  1- 3 |  4- 6 |  7- 9 | 10-12 || total
-------------------------+-------+-------+-------+-------++-------
Melee: Short sword       |    35 |    36 |       |       ||    71
       Bite              |     7 |    11 |    56 |   155 ||   229
       Dagger            |       |       |   163 |   370 ||   533
Throw: Javelin           |       |       |       |     2 ||     2
Invok: Berserk           |     4 |     2 |     6 |    26 ||    38
       Trog's Hand       |       |       |     3 |     2 ||     5
Evoke: Wand              |       |       |     7 |     2 ||     9
  Use: Scroll            |       |       |     8 |     5 ||    13
       Potion            |       |       |     1 |     4 ||     5
 Stab: Paralysed         |       |       |     2 |     3 ||     5
       Petrifying        |       |       |       |     1 ||     1
       Petrified         |       |       |       |     1 ||     1
  Eat: Chunk             |     2 |     2 |    11 |    34 ||    49
Armor: Chain mail        |    13 |    13 |    50 |   136 ||   212
       Animal skin       |     1 |       |       |       ||     1
       Skin              |       |       |     9 |    10 ||    19
Dodge: Dodged            |    15 |     7 |    57 |   126 ||   205

Table legend:
 A = Non-vault XP
 B = Vault XP
 C = Vault XP percentage of total XP
 D = Non-vault monster count
 E = Vault monster count
 F = Vault count percentage of total count
                 A         B        C        D         E       F
            +---------+---------+-------+---------+---------+-------
      Total |   15836 |    7942 |  33.4 |     164 |      27 |  14.1
            +---------+---------+-------+---------+---------+-------
        D:1 |       2 |       0 |   0.0 |       1 |       0 |   0.0
        D:2 |       9 |       0 |   0.0 |       5 |       0 |   0.0
        D:3 |     123 |       0 |   0.0 |       8 |       0 |   0.0
        D:4 |      22 |       0 |   0.0 |       4 |       0 |   0.0
        D:5 |     224 |      92 |  29.1 |       2 |       2 |  50.0
        D:6 |     449 |       0 |   0.0 |      16 |       0 |   0.0
        D:7 |     364 |    1002 |  73.4 |      13 |       1 |   7.1
        D:8 |     230 |     454 |  66.4 |       6 |       1 |  14.3
        D:9 |     443 |      50 |  10.1 |      12 |       1 |   7.7
       D:10 |    1599 |    1436 |  47.3 |      19 |       6 |  24.0
       D:11 |     967 |     851 |  46.8 |      23 |       1 |   4.2
       D:12 |    4268 |     978 |  18.6 |      35 |       9 |  20.5
       D:13 |     727 |     516 |  41.5 |       5 |       1 |  16.7
       D:14 |    2607 |     556 |  17.6 |       6 |       4 |  40.0
       D:15 |    3802 |    2007 |  34.5 |       9 |       1 |  10.0
            +---------+---------+-------+---------+---------+-------
